 Dungeon Crawl Stone Soup version 0.30.2 (webtiles) character file.

Game seed: 1040129289595098588

2592725 nightchill the Conqueror (level 26, 212/212 HPs)
             Began as a Minotaur Fighter on Jan 18, 2024.
             Was a Priest of Hepliaklqana.
             Escaped with the Orb
             ... and 4 runes on Jan 22, 2024!
             The game lasted 04:34:47 (58514 turns).

nightchill the Conqueror (Minotaur Fighter)        Turns: 58514, Time: 04:34:47

Health: 212/212    AC: 50    Str: 30    XL:     26   Next: 53%
Magic:  36/36      EV: 17    Int: 12    God:    Hepliaklqana [***...]
Gold:   2578       SH: 20    Dex: 18    Spells: 25/25 levels left

rFire   + + .        a - +9 broad axe (vamp)
rCold   + + .        V - +4 kite shield
rNeg    . . .        c - +9 scales of the Dragon King {rPois rF+ rC+ Will+}
rPois   +            U - +2 hat {Int+3}
rElec   +            R - +4 dragonskin cloak
rCorr   .            o - +0 pair of fencer's gloves {Riposte Dex+3}
SInv    +            v - +2 pair of boots
Will    +++..        E - amulet of the acrobat Stlth
                     f - ring "Iceitam" {rElec Will+ Dex+2}
HPRegen 1.35/turn    u - ring of the Bashing Fool {rF+ rC+ Int+4 SInv}
MPRegen 0.25/turn

%: acrobat
@: mighty, hasted, studying 2 skills, very quick
A: reduced essence, horns 2, retaliatory headbutt, frail 1, sense surroundings
1, regeneration 1
0: Orb of Zot
}: 4/15 runes: decaying, silver, abyssal, gossamer
a: Renounce Religion, Recall Ancestor, Ancestor Identity, Transference


You escaped.
You worshipped Hepliaklqana.
Hepliaklqana was most pleased with you.
You visited 11 branches of the dungeon, and saw 51 of its levels.
You visited the Abyss 2 times.
You visited 1 bazaar.
You also visited: Trove and Sewer.

You collected 7809 gold pieces.
You spent 5231 gold pieces at shops.

Inventory:

Hand Weapons
 a - a +9 vampiric broad axe (weapon)
 b - a +5 broad axe of freezing
 w - a +1 broad axe of flaming
Missiles
 l - 22 atropa-tipped darts (quivered)
 p - 5 boomerangs of dispersal
 O - 9 throwing nets
 S - 18 curare-tipped darts
Armour
 c - the +9 scales of the Dragon King (worn) {rPois rF+ rC+ Will+}
   (You bought it in a shop in a bazaar)

   rF:        It protects you from fire.
   rC:        It protects you from cold.
   rPois:     It protects you from poison.
   Will:      It increases your willpower.
 o - the +0 pair of fencer's gloves (worn) {Riposte Dex+3}
   (You found it on level 1 of the Elven Halls)

   Riposte:   It allows the wearer to riposte with melee weapons, swiftly
   retaliating against missed or blocked melee attacks.
   Dex:       It affects your dexterity (+3).
 v - a +2 pair of boots (worn)
 Q - a +1 cloak of stealth
 R - the +4 dragonskin cloak (worn)
   (You took it off Tiamat on level 3 of the Realm of Zot)

   Avatar's Aegis: It grants the wearer a chance to resist fire, cold, poison,
   electricity, acid, and negative energy.
 U - a +2 hat of intelligence (worn)
 V - a +4 kite shield (worn)
Jewellery
 f - the ring "Iceitam" (left hand) {rElec Will+ Dex+2}
   (You found it on level 3 of the Crypt)

   [ring of willpower]

   Dex:       It affects your dexterity (+2).
   rElec:     It insulates you from electricity.
   Will:      It increases your willpower.
 g - a ring of resist corrosion
 j - a ring of positive energy
 u - the ring of the Bashing Fool (right hand) {rF+ rC+ Int+4 SInv}
   (You bought it in a shop on level 2 of the Orcish Mines)

   [ring of see invisible]

   Int:       It affects your intelligence (+4).
   rF:        It protects you from fire.
   rC:        It protects you from cold.
   SInv:      It lets you see invisible.
 E - an amulet of the acrobat (around neck)
 F - the ring of Jila {rElec rF- rC+ Will+++ Int+6}
   (You bought it in a shop on level 10 of the Dungeon)

   [ring of intelligence]

   Int:       It affects your intelligence (+6).
   rF:        It makes you vulnerable to fire.
   rC:        It protects you from cold.
   rElec:     It insulates you from electricity.
   Will:      It greatly increases your willpower.
Wands
 d - a wand of quicksilver (39)
 M - a wand of charming (47)
 P - a wand of digging (8)
 T - a wand of iceblast (51)
 W - a wand of mindburst (65)
 X - a wand of polymorph (20)
Scrolls
 e - 7 scrolls of vulnerability
 k - 9 scrolls of poison
 n - 35 scrolls of teleportation
 r - 9 scrolls of noise
 z - 3 scrolls of butterflies
 H - 10 scrolls of blinking
 I - 3 scrolls of magic mapping
 J - 5 scrolls of torment
 K - a scroll of fear
 N - 10 scrolls of fog
 Y - 6 scrolls of silence
Potions
 h - 20 potions of curing
 i - 4 potions of might
 m - 9 potions of haste
 s - 8 potions of ambrosia
 x - 3 potions of berserk rage
 A - 14 potions of mutation
 B - 6 potions of resistance
 D - 9 potions of lignification
 G - 20 potions of heal wounds
 L - 5 potions of flight
 Z - 12 potions of magic
Miscellaneous
 q - a tin of tremorstones (2/2)
 y - a phial of floods
 C - a phantom mirror


   Skills:
 O Level 27 Fighting
 - Level 18.0 Axes
 - Level 6.0 Throwing
 O Level 27 Armour
 - Level 18.0 Dodging
 - Level 20.0 Shields
 + Level 20.6 Invocations
 - Level 15.0 Evocations


You had 25 spell levels left.
You didn't know any spells.
Your spell library contained the following spells:

 Spells                   Type           Power      Damage    Failure   Level
 Apportation              Tloc           0%         N/A       91%         1
 Beastly Appendage        Tmut           0%         N/A       91%         1
 Foxfire                  Conj/Fire      0%         2x1d4     91%         1
 Kiss of Death            Conj/Necr      0%         2d5       91%         1
 Magic Dart               Conj           0%         1d3       91%         1
 Necrotise                Necr           0%         1d4       91%         1
 Sandblast                Erth           0%         2d4       91%         1
 Shock                    Conj/Air       0%         1d3       91%         1
 Sting                    Tmut/Pois      0%         1d3       91%         1
 Summon Small Mammal      Summ           0%         N/A       91%         1
 Call Imp                 Summ           0%         N/A       97%         2
 Ensorcelled Hibernation  Hex/Ice        0%         N/A       97%         2
 Lesser Beckoning         Tloc           0%         N/A       97%         2
 Passwall                 Tmut/Erth      0%         N/A       97%         2
 Poisonous Vapours        Pois/Air       0%         N/A       97%         2
 Searing Ray              Conj           0%         2d4       97%         2
 Wereblood                Tmut           0%         N/A       97%         2
 Call Canine Familiar     Summ           0%         N/A       99%         3
 Confusing Touch          Hex            0%         N/A       99%         3
 Dazzling Flash           Conj/Hex       0%         N/A       99%         3
 Frozen Ramparts          Ice            0%         1d1       99%         3
 Gell's Gravitas          Tloc           0%         N/A       99%         3
 Inner Flame              Hex/Fire       0%         N/A       99%         3
 Mephitic Cloud           Conj/Pois/Air  0%         N/A       99%         3
 Ozocubu's Armour         Ice            0%         N/A       99%         3
 Spider Form              Tmut/Pois      0%         N/A       99%         3
 Stone Arrow              Conj/Erth      0%         3d7       99%         3
 Summon Guardian Golem    Hex/Summ       0%         N/A       99%         3
 Swiftness                Air            0%         N/A       99%         3
 Teleport Other           Tloc           0%         N/A       99%         3
 Tukima's Dance           Hex            0%         N/A       99%         3
 Vampiric Draining        Necr           0%         2d6       99%         3
 Vhi's Electric Charge    Tloc/Air       0%         N/A       99%         3
 Volatile Blastmotes      Fire/Tloc      0%         2d10      99%         3
 Airstrike                Air            0%         2d(0-16)  100%        4
 Dispel Undead            Necr           0%         3d6       100%        4
 Flame Wave               Conj/Fire      0%         2d4       100%        4
 Fulminant Prism          Conj/Hex       0%         3d5       100%        4
 Ice Form                 Ice/Tmut       0%         N/A       100%        4
 Iskenderun's Mystic Bla  Conj/Tloc      0%         2d3       100%        4
 Olgreb's Toxic Radiance  Pois           0%         N/A       100%        4
 Passage of Golubria      Tloc           0%         N/A       100%        4
 Sticky Flame             Conj/Fire      0%         2d3       100%        4
 Summon Ice Beast         Ice/Summ       0%         N/A       100%        4
 Agony                    Necr           0%         N/A       100%        5
 Alistair's Intoxication  Tmut/Pois      0%         N/A       100%        5
 Arcjolt                  Conj/Air       0%         1d10      100%        5
 Borgnjor's Vile Clutch   Necr/Erth      0%         N/A       100%        5
 Fireball                 Conj/Fire      0%         3d3       100%        5
 Freezing Cloud           Conj/Ice/Air   0%         6-21      100%        5
 Lee's Rapid Deconstruct  Erth           0%         3d4*      100%        5
 Metabolic Englaciation   Hex/Ice        0%         N/A       100%        5
 Silence                  Hex/Air        0%         N/A       100%        5
 Summon Forest            Summ/Tloc      0%         N/A       100%        5
 Summon Mana Viper        Hex/Summ       0%         N/A       100%        5
 Yara's Violent Unravell  Hex/Tmut       0%         3d3       100%        5
 Eringya's Noxious Bog    Tmut/Pois      0%         N/A       100%        6
 Plasma Beam              Fire/Air       0%         2x1d11    100%        6
 Simulacrum               Ice/Necr       0%         N/A       100%        6
 Starburst                Conj/Fire      0%         6d3       100%        6
 Statue Form              Tmut/Erth      0%         N/A       100%        6
 Summon Cactus Giant      Summ           0%         N/A       100%        6
 Malign Gateway           Summ/Tloc      0%         N/A       100%        7
 Monstrous Menagerie      Summ           0%         N/A       100%        7
 Orb of Destruction       Conj           0%         9d5       100%        7
 Spellforged Servitor     Conj/Summ      0%         N/A       100%        7
 Discord                  Hex            0%         N/A       100%        8
 Lehudib's Crystal Spear  Conj/Erth      0%         10d2      100%        8
 Summon Horrible Things   Summ           0%         N/A       100%        8


Dungeon Overview and Level Annotations

Branches:
Dungeon (15/15)            Temple (1/1) D:7            Lair (5/5) D:10
  Swamp (4/4) Lair:3       Spider (4/4) Lair:3        Slime (0/5) Lair:4
    Orc (2/2) D:11            Elf (3/3) Orc:2        Vaults (5/5) D:13
  Crypt (3/3) Vaults:3       Tomb (0/3) Crypt:3      Depths (4/4) D:15
    Zot (5/5) Depths:4      Sewer (visited)

Altars:
Ashenzari
Cheibriados
Dithmenos
Elyvilon
Fedhas
Gozag
Hepliaklqana
Kikubaaqudgha
Makhleb
Nemelex Xobeh
Okawaru
Qazlal
Ru
Sif Muna
Trog
Uskayaw
Vehumet
Wu Jian
Xom
Yredelemnul
Zin
The Shining One
Jiyva
Lugonu

Shops:
D:1 [   D:10 =   Orc:2 =(=(:*[?   Elf:1 *?   Elf:3 [   Vaults:2 =:=

Portals:
Hell: Depths:1 Depths:2 Depths:3 Depths:4
Abyss: Orc:1 Depths:3
Pandemonium: Depths:2
Ziggurat: Depths:4

Annotations:
D:14 exclusion: downstairs
Lair:1 exclusions: electric eel and 1 more exclusion
Lair:4 3 runed translucent doors, exclusion: downstairs, vbillard's ghost, journeyman DECj
Lair:5 2 transporters, 1 exclusion, raph's ghost, journeyman DEFE
Swamp:1 1 exclusion
Swamp:3 exclusion: 2 downstairs
Swamp:4 Mara
Orc:1 2 transporters, exclusions: 2 downstairs and 2 more exclusions, Ashen's ghost, journeyman OgIE
Orc:2 exclusion: 2 doors
Elf:2 3 runed translucent doors, 1 exclusion
Elf:3 exclusion: 6 doors
Zot:2 exclusion: 2 downstairs
Zot:4 exclusions: draconian scorcher, draconian stormcaller and 3 more exclusions
Zot:5 2 exclusions


Innate Abilities, Weirdness & Mutations

Your life essence is reduced to manifest your ancestor. (-10% HP)
You have a pair of horns on your head.
You reflexively headbutt those who attack you in melee.
You are frail. (-10% HP)
You passively map a small area around you.
Your natural rate of healing is unusually fast.


Message History

The Tzitzimitl bites Jimmeh!
You catch the helpless Tzitzimitl completely off-guard!
You carve the Tzitzimitl like a ham!!!
The Tzitzimitl is almost dead.
Jimmeh hits the Tzitzimitl with a +0 lajatang of freezing!
You slice the Tzitzimitl!!
You kill the Tzitzimitl!
You block the red devil's attack. The red devil completely misses you.
You slash the red devil! You headbutt the red devil!
The red devil is severely wounded.
The red devil closely misses you.
You completely miss the red devil. You headbutt the red devil!
The red devil is almost dead.
The red devil hits you with a +0 trident.
Barbed spikes become lodged in your body.
You slash the red devil!
You kill the red devil!
No target in view!
The barbs in your skin will harm you if you move.
Continue? [Y]es or [N]o only, please.
The barbs in your skin will harm you if you move.
Continue?
Okay, then.
You start resting.
Jimmeh is no longer weakened.
You carefully extract the barbed spikes from your body.
Jimmeh is no longer moving slowly.
You start resting.
You feel yourself speed up.
Jimmeh is no longer moving quickly.
You see here a +0 trident.
Aiming: Dig
Press: ? - help, Shift-Dir - straight line A rock wall.
This square is covered in magical glow.
The rock shatters into small pieces.
There is a staircase leading out of the dungeon here.
Your attacks no longer feel as feeble.
HP restored.
You have escaped!

####......##.#+###'#......#
#..#
#....####.##.#.~#~.#......#
#..#
........#.##.#.~~~.##..####
#..#
#.#####.#.##.#.~8~.###..#
#..# ....###.#.##.#.....#
##.## #..#
#.#..##.#.##.#♣...♣# #..#
#..## #.##.##.#....#P♣.♣P#
##.# #..##
..##..#.#######P.P## #.#
#..## #####.#.#
#P#@#P#####.####.... #.#.#
##.♣..R......)....#. #...##
#♣#♣#.......##..... ##...#
#.......##..#~. ##..#
#.......##..#.~ #..#
#.......#.....~
#..###########.#####..###~~
#.........................~
#.#.##..##...........####.~


You could see the friendly Jimmeh the battlemage.

Vanquished Creatures
  3 ancient liches
  2 dread liches
  A caustic shrike (Depths:3)
  4 golden dragons
  2 bone dragons
  A Tzitzimitl (D:1)
  2 doom hounds (Zot:3)
  Mlioglotl (Swamp:4)
  A hellephant (Abyss:3)
  2 electric golems (Zot:5)
  5 tentacled monstrosities
  2 deep elf master archers (Elf:3)
  Asterion (Spider:3)
  A lich (Crypt:3)
  Grunn (Zot:3)
  11 Orb Guardians
  A walking divine tome (Depths:3)
  9 ancient champions
  6 quicksilver dragons
  A titan (Vaults:5)
  4 death cobs
  4 acid blobs (Zot:3)
  6 storm dragons
  A tentacled starspawn (Abyss:3)
  2 sphinxes (Vaults:4)
  4 shadow dragons
  Gastronok (Lair:2)
  3 thorn hunters
  3 draconian monks
  A tengu reaver (Vaults:2)
  6 draconian knights
  4 fire giants
  2 emperor scorpions
  4 ghost moths
  Roxanne (Spider:4)
  6 frost giants
  A balrug (Depths:3)
  2 iron dragons (Vaults:5)
  12 vault wardens
  4 deep elf elementalists (Elf:3)
  An iron dragon (shapeshifter) (Vaults:5)
  A draconian scorcher (Zot:4)
  6 deep elf sorcerers (Elf:3)
  4 draconian stormcallers
  An orc warlord (Orc:2)
  A draconian annihilator (Zot:3)
  2 ghouls (Crypt:3)
  3 draconian shifters
  6 war gargoyles
  7 stone giants
  12 very ugly things
  A broodmother (Spider:1)
  21 ironbound preservers
  6 vampire knights
  4 deep elf demonologists
  3 eleionomae
  4 purple draconians (Zot:3)
  5 green draconians
  7 ironbound thunderhulks
  3 black draconians
  5 deep elf annihilators (Elf:3)
  An ophan (Abyss:3)
  2 red draconians
  4 dire elephants (Vaults:1)
  6 white draconians
  5 bunyips
  13 yellow draconians
  A green death (Abyss:3)
  5 spark wasps
  6 deep elf death magi
  A merfolk javelineer (Depths:1)
  6 fire dragons
  2 eidola (Crypt:1)
  A crystal guardian (Vaults:3)
  5 jiangshi
  A shambling mangrove (Swamp:4)
  10 ettins
  19 yaktaur captains
  6 deep elf high priests
  5 entropy weavers
  A great orb of eyes (Vaults:2)
  A quicksilver dragon skeleton (Crypt:3)
  8 ice dragons
  4 rakshasas
  Harold (D:9)
  29 vault guards
  14 hydras
  3 ogre magi (Vaults:5)
  2 ghost crabs
  A hell beast (Depths:2)
  2 peacekeepers (Vaults:4)
  Erica (Lair:2)
  7 starcursed masses (Abyss:3)
  A spriggan air mage (Depths:4)
  A salamander tyrant (Depths:3)
  6 centaur warriors
  3 ironbound frosthearts
  3 catoblepae
  A juggernaut simulacrum (Crypt:3)
  3 tengu warriors
  5 boulder beetles
  8 alligators
  2 death knights
  3 deep troll earth magi
  8 dancing weapons
  14 two-headed ogres
  An orc high priest (Orc:2)
  3 deep troll shamans
  A spriggan berserker (Depths:1)
  A sun demon (Depths:3)
  8 hell hogs (Depths:1)
  2 vampire magi
  A storm dragon zombie (Vaults:5)
  9 hell knights
  A thrashing horror (Abyss:3)
  3 soul eaters
  4 skeletal warriors
  Nergalle (D:12)
  10 deep elf knights
  2 wretched stars (Abyss:3)
  A fire crab (shapeshifter) (Depths:2)
  2 iron trolls (Vaults:5)
  A shadow wraith (Vaults:3)
  5 pharaoh ants
  4 goliath frogs
  4 flayed ghosts
  A skyshark (Lair:2)
  A sixfirhy (D:14)
  43 deep trolls
  A spriggan druid (Swamp:1)
  A death drake (shapeshifter) (Vaults:4)
  A glowing orange brain (Depths:2)
  10 swamp dragons
  4 orb spiders
  A bog body (Lair:3)
  7 phantasmal warriors
  5 deep elf archers
  6 lindwurms
  4 wizards
  12 ironbound convokers
  7 orc knights
  A lindwurm (shapeshifter) (Vaults:5)
  8 steelbarb worms
  5 harpies (Vaults:1)
  An iron dragon zombie (Crypt:3)
  4 necromancers
  An orc sorcerer (Orc:2)
  A wolf spider (shapeshifter) (Depths:3)
  17 deep elf zephyrmancers
  3 cyclopes
  A broodmother zombie (Crypt:2)
  12 wolf spiders
  23 deep elf pyromancers
  An eleionoma zombie (Crypt:3)
  A stone giant zombie (Crypt:3)
  2 oklob plants (Zot:3)
  22 ugly things
  2 cyclopes (shapeshifter)
  10 will-o-the-wisps
  A worldbinder (Abyss:3)
  3 manticores
  4 salamanders (Depths:3)
  A manticore (shapeshifter) (Depths:1)
  14 moths of wrath
  2 black mambas
  A dire elephant zombie (Crypt:3)
  11 elephants
  A rust devil (Zot:2)
  8 vault sentinels
  2 orange demons (Depths:2)
  An eleionoma skeleton (Crypt:2)
  7 demonic crawlers
  A yaktaur zombie (Vaults:5)
  An apocalypse crab (Abyss:3)
  A smoke demon (Depths:2)
  2 gargoyles
  4 cane toads
  4 torpor snails
  19 yaktaurs
  A kobold demonologist (D:10)
  An unseen horror (Abyss:3)
  Maggie (D:9)
  4 rime drakes
  An efreet (Abyss:3)
  2 unseen horror zombies (D:9)
  2 freezing wraiths
  A yellow draconian skeleton (Crypt:2)
  A tengu conjurer (D:13)
  5 komodo dragons
  A red devil (D:1)
  7 meliai
  2 yaktaur skeletons
  4 guardian mummies (Crypt:3)
  A tarantella zombie (Crypt:1)
  3 trolls
  An alligator zombie (Crypt:2)
  2 polar bears (Lair:5)
  4 tyrant leeches
  18 tarantellas
  5 dream sheep
  12 hornets
  Grinder (D:4)
  12 blink frogs
  4 flying skulls
  2 large abominations (Abyss:3)
  15 jumping spiders
  16 slime creatures
  An air elemental (Elf:3)
  2 shadows
  2 wyverns
  A vampire (D:8)
  6 wraiths
  17 culicivoras
  21 spriggans
  6 water elementals
  5 fire elementals
  A chaos spawn (D:1)
  5 fire bats
  Eustachio (D:4)
  6 basilisks
  26 yaks
  2 ushabtiu (Crypt:3)
  2 neqoxecs
  A basilisk (shapeshifter) (D:15)
  A steam dragon (D:9)
  21 redbacks
  Menkaure (D:6)
  3 vampire mosquitoes
  6 swamp worms
  2 wargs (Orc:1)
  An acid dragon (D:12)
  A swamp worm (shapeshifter) (Vaults:5)
  4 water moccasins
  Pargi (Sewer)
  A floating eye (Depths:3)
  15 orc warriors
  6 swamp drakes
  4 black bears
  3 boggarts (Lair:5)
  7 ogres
  5 centaurs
  21 wolves
  A kobold brigand (D:10)
  A rime drake skeleton (Crypt:2)
  Blork the orc (D:6)
  6 bullfrogs
  An earth elemental (Elf:3)
  2 necrophages
  2 gnoll sergeants
  A scorpion (D:5)
  5 wights
  A glowing shapeshifter simulacrum (Vaults:5)
  A yak zombie (Crypt:3)
  7 killer bees
  An electric eel (Elf:3)
  2 human zombies
  12 jellies
  A quasit (D:8)
  3 centaur zombies (D:9)
  A gnoll bouda (D:5)
  A hound (D:5)
  14 orc priests
  Jessica (D:2)
  2 iguanas
  17 orc wizards
  11 hell rats
  A lightning spire (Swamp:2)
  2 killer bee zombies (D:9)
  A mummy (D:8)
  A howler monkey zombie (D:9)
  8 gnolls
  3 river rats (Lair:1)
  8 adders
  4 shadow imps
  7 white imps
  4 ufetubi
  A dart slug (D:2)
  65 orcs
  A bat zombie (D:7)
  10 endoplasms
  8 giant cockroaches
  6 goblins
  8 hobgoblins
  6 jackals
  17 kobolds
  7 quokkas
  A river rat zombie (Crypt:2)
  10 ball pythons
  5 bats
  5 frilled lizards
  A goblin skeleton (D:5)
  A goblin zombie (D:5)
  5 hobgoblin zombies
  A kobold skeleton (D:5)
  A kobold zombie (D:8)
  2 orc skeletons (D:5)
  3 orc zombies (D:5)
  11 rats
  3 rat zombies (D:7)
  A starspawn tentacle (Abyss:3)
1483 creatures vanquished.

Vanquished Creatures (collateral kills)
  A pandemonium lord (D:1)
  6 ancient liches
  Tiamat (Zot:3)
  5 orbs of fire (Zot:5)
  A juggernaut (Depths:3)
  Frederick (Vaults:5)
  3 Killer Klowns (Zot:5)
  Saint Roka (Vaults:5)
  2 golden dragons
  A doom hound (Zot:3)
  A bone dragon (Crypt:3)
  An electric golem (Zot:1)
  8 tentacled monstrosities
  2 walking frostbound tomes
  3 titans
  A walking divine tome (Depths:3)
  A quicksilver dragon (Depths:4)
  16 Orb Guardians
  5 liches
  A tentacled starspawn (Abyss:3)
  3 ancient champions
  3 acid blobs (Zot:3)
  A death cob (Zot:3)
  4 sphinxes
  2 deep elf master archers (Elf:3)
  7 storm dragons
  3 thorn hunters
  3 shadow dragons
  4 tengu reavers
  2 frost giants
  2 draconian monks (Zot:3)
  A revenant (Crypt:3)
  4 draconian knights
  An emperor scorpion (Spider:4)
  3 fire giants
  Aizul (Spider:1)
  2 curse skulls
  7 vault wardens
  3 draconian scorchers
  6 draconian stormcallers (Zot:4)
  5 draconian shifters
  4 deep elf sorcerers (Elf:3)
  2 ghost moths
  An orc warlord (Vaults:1)
  A ghoul (Crypt:3)
  A deep elf elementalist (Elf:3)
  3 ironbound preservers
  7 very ugly things
  A draconian annihilator (Zot:3)
  A spriggan defender (Depths:3)
  3 vampire knights
  9 stone giants
  5 deep elf demonologists
  4 green draconians
  4 deep elf annihilators
  9 yellow draconians
  An eleionoma (Swamp:2)
  3 purple draconians
  3 white draconians
  4 dire elephants
  A bunyip (Swamp:2)
  4 red draconians
  4 black draconians
  5 spark wasps
  2 starcursed masses (Abyss:3)
  6 ettins
  A deep elf death mage (Vaults:4)
  2 mummy priests (Crypt:3)
  A merfolk javelineer (Depths:3)
  Josephine (Spider:1)
  A crystal guardian (Vaults:3)
  3 fire dragons
  2 eidola
  A shambling mangrove (Swamp:4)
  3 deep elf high priests (Elf:3)
  6 entropy weavers
  3 rakshasas
  5 great orbs of eyes
  7 yaktaur captains
  6 jiangshi
  4 peacekeepers
  6 ironbound frosthearts
  2 catoblepae
  5 ice dragons
  3 hydras (Swamp:4)
  5 vault guards
  A spriggan air mage (Depths:2)
  A ghost crab (Swamp:1)
  2 ogre magi
  2 death knights
  An alligator (Swamp:2)
  3 boulder beetles
  7 dancing weapons
  2 two-headed ogres
  A satyr (Abyss:3)
  2 orc high priests
  A deep troll earth mage (Depths:3)
  A vampire mage (Crypt:3)
  Urug (Lair:2)
  2 thrashing horrors (Abyss:3)
  4 soul eaters
  4 deep elf knights
  5 hell knights
  5 shadow wraiths (Crypt:3)
  A sun demon (Depths:2)
  6 skeletal warriors
  A wretched star (Abyss:3)
  2 spriggan druids
  A sun moth (Spider:4)
  2 goliath frogs
  3 pharaoh ants
  2 iron trolls
  11 deep trolls
  4 bog bodies
  5 swamp dragons
  2 flayed ghosts (Crypt:3)
  10 deep elf archers
  6 orb spiders
  2 steelbarb worms
  4 ironbound convokers
  2 wizards
  5 lindwurms
  A sphinx zombie (Crypt:3)
  A glowing orange brain (Abyss:3)
  8 deep elf zephyrmancers
  6 phantasmal warriors
  A necromancer (Depths:3)
  11 deep elf pyromancers
  6 wolf spiders
  An orc knight (Orc:1)
  A cyclops (Orc:2)
  7 orc sorcerers
  A cyclops (shapeshifter) (Vaults:5)
  An elephant (Lair:2)
  2 shadow dragon skeletons (Crypt:3)
  A worldbinder (Abyss:3)
  A will-o-the-wisp (Swamp:2)
  3 oklob plants (Zot:3)
  18 ugly things
  8 moths of wrath
  A human skeleton (Vaults:4)
  Maurice (D:9)
  2 black mambas
  3 torpor snails
  An apocalypse crab (Abyss:3)
  8 vault sentinels
  2 demonic crawlers
  2 cane toads
  A smoke demon (Abyss:3)
  4 yaktaurs
  A komodo dragon (Lair:2)
  4 freezing wraiths
  A tengu conjurer (Depths:3)
  3 ancient zymes (Abyss:3)
  An ice devil (Depths:2)
  5 guardian mummies (Crypt:3)
  2 polar bears
  4 trolls
  3 tyrant leeches
  A hellwing (D:15)
  A harpy skeleton (Crypt:3)
  2 raiju (Abyss:3)
  4 tarantellas
  7 meliai
  9 hornets
  7 blink frogs
  A meliai zombie (Crypt:1)
  6 dream sheep
  A death drake skeleton (Crypt:1)
  3 flying skulls
  10 spriggans
  5 slime creatures
  7 water elementals
  7 jumping spiders
  2 culicivoras
  2 wyverns
  8 wraiths
  4 yaks
  A ynoxinul (Zot:2)
  A basilisk (shapeshifter) (D:15)
  A black mamba skeleton (Crypt:1)
  A wind drake skeleton (Crypt:1)
  A fire elemental (Elf:2)
  2 basilisks
  A neqoxec (Depths:2)
  2 vampire mosquitoes
  3 chaos spawn
  A warg (Orc:2)
  12 redbacks
  A skyshark zombie (Crypt:2)
  8 swamp worms
  An acid dragon (D:11)
  A glowing shapeshifter skeleton (Vaults:4)
  8 water moccasins
  9 orc warriors
  3 swamp drakes
  3 black bears
  A boggart (Lair:5)
  2 ogres
  8 wolves
  A small abomination (Abyss:3)
  2 dream sheep skeletons
  An elephant skeleton (Crypt:3)
  A draconian zombie (Crypt:3)
  A kobold brigand (D:9)
  An earth elemental (Elf:3)
  4 bullfrogs
  A necrophage (D:9)
  A vampire bat (Lair:2)
  A lava snake (Lair:1)
  A human zombie (Crypt:1)
  9 jellies
  3 orc priests
  A lightning spire (Swamp:2)
  12 orc wizards
  3 gnolls (D:11)
  A swamp drake zombie (Crypt:1)
  2 shadow imps
  13 orcs
  4 bats (Lair:2)
  2 endoplasms (Lair:4)
  A kobold (D:10)
  A kobold skeleton (Crypt:1)
  An orc zombie (Crypt:2)
  A fire vortex (Depths:3)
  2 lurking horrors
  A starspawn tentacle (Abyss:3)
754 creatures vanquished.

Vanquished Creatures (others)
  Nikola (Spider:4)
  A tengu reaver (Depths:3)
  A vault guard (Vaults:5)
  A thrashing horror (Abyss:3)
  2 deep elf pyromancers
  A bloated husk (Swamp:2)
  A swamp drake (Swamp:4)
  2 ancestors (D:9)
  54 battlemagi
  2 ball lightnings (Swamp:2)
  32 foxfires
  3 starspawn tentacles (Abyss:3)
101 creatures vanquished.

Grand Total: 2338 creatures vanquished

Notes
Turn   | Place    | Note
-------+----------+-------------------------------------------
     0 | D:1      | nightchill the Minotaur Fighter began the quest for the
                  | Orb.
     0 | D:1      | Reached XP level 1. HP: 19/19 MP: 0/0
   106 | D:1      | Reached XP level 2. HP: 24/27 MP: 1/1
   584 | D:1      | Reached XP level 3. HP: 32/33 MP: 2/2
   663 | D:1      | Found Qouroecw's Armour Shoppe.
  1011 | D:2      | Noticed Jessica
  1022 | D:2      | Killed Jessica
  1102 | D:2      | Reached XP level 4. HP: 41/41 MP: 3/3
  1864 | D:3      | Reached skill level 5 in Axes
  2118 | D:4      | Noticed Grinder
  2125 | D:4      | Paralysed by Grinder for 4 turns
  2134 | D:4      | Killed Grinder
  2135 | D:4      | Reached skill level 5 in Fighting
  2135 | D:4      | Reached XP level 5. HP: 32/49 MP: 4/4
  2135 | D:4      | Reached XP level 6. HP: 36/56 MP: 5/5
  2297 | D:4      | Noticed Eustachio
  2327 | D:4      | Killed Eustachio
  2714 | D:5      | Entered Level 5 of the Dungeon
  2858 | D:5      | Reached XP level 7. HP: 50/63 MP: 6/6
  2880 | D:5      | Found a glowing drain.
  3015 | Sewer    | Entered a sewer
  3099 | Sewer    | Noticed Pargi
  3117 | Sewer    | Killed Pargi
  3385 | D:5      | Found a glowing golden altar of the Shining One.
  3688 | D:5      | Reached XP level 8. HP: 63/73 MP: 7/7
  4189 | D:6      | Reached skill level 10 in Axes
  4479 | D:6      | Noticed Menkaure
  4489 | D:6      | Killed Menkaure
  5035 | D:6      | Noticed Blork the orc
  5042 | D:6      | Killed Blork the orc
  5289 | D:7      | Found an ancient bone altar of Kikubaaqudgha.
  5373 | D:7      | Found a staircase to the Ecumenical Temple.
  5380 | D:7      | Noticed a +0 dagger
  5381 | D:7      | Noticed a +0 dagger
  5383 | Temple   | Entered the Ecumenical Temple
  5438 | Temple   | Became a worshipper of Hepliaklqana the Forgotten
  5685 | D:7      | Found a hide-covered altar of Uskayaw.
  6188 | D:8      | Found a shimmering altar of Xom.
  6189 | D:8      | Found a glowing silver altar of Zin.
  6191 | D:8      | Found a stormy altar of Qazlal.
  6194 | D:8      | Reached XP level 9. HP: 82/82 MP: 8/8
  6250 | D:8      | Gained mutation: You passively map a small area around you.
                  | [potion of mutation]
  6250 | D:8      | Gained mutation: You are frail. (-10% HP) [potion of
                  | mutation]
  6250 | D:8      | Gained mutation: Your natural rate of healing is unusually
                  | fast. [potion of mutation]
  6344 | D:8      | Found a blossoming altar of Fedhas.
  6383 | D:8      | Found an opulent altar of Gozag.
  6475 | D:8      | Reached * piety under Hepliaklqana
  6484 | D:8      | Noticed a two-headed ogre
  6517 | D:8      | Upgraded the game from 0.30-b1-2-g02819fbbbe to 0.30.2
  6843 | D:9      | Noticed Maurice
  6855 | D:9      | Killed Maurice
  6923 | D:9      | Reached skill level 10 in Fighting
  6956 | D:9      | Found a basalt altar of Yredelemnul.
  7112 | D:9      | Reached XP level 10. HP: 75/75 MP: 9/9
  7225 | D:9      | Noticed Maggie
  7238 | D:9      | Killed Maggie
  7339 | D:9      | Noticed Harold
  7350 | D:9      | Killed Harold
  7492 | D:9      | Noticed a gargoyle
  7507 | D:9      | Reached skill level 15 in Axes
  7518 | D:9      | Killed a gargoyle
  7612 | D:10     | Entered Level 10 of the Dungeon
  7863 | D:10     | Found a staircase to the Lair.
  7989 | D:10     | Reached ** piety under Hepliaklqana
  7990 | D:10     | Remembered your ancestor Jimmeh as a battlemage
  8140 | D:10     | Reached skill level 1 in Invocations
  8415 | D:10     | Found Giruiwkof's Jewellery Shop.
  8590 | Lair:1   | Entered Level 1 of the Lair of Beasts
  8604 | Lair:1   | Identified the +1 leather armour of the Iron City of Dis
                  | {rPois rC+ rN+ Slay+2}
  8635 | Lair:1   | Noticed a black mamba
  8639 | Lair:1   | Killed a black mamba
  8640 | Lair:1   | Reached XP level 11. HP: 68/83 MP: 11/11
  9005 | Lair:1   | Reached *** piety under Hepliaklqana
  9013 | Lair:1   | Reached skill level 5 in Shields
  9337 | Lair:2   | Noticed Gastronok
  9344 | Lair:2   | Noticed Erica
  9350 | Lair:2   | Killed Gastronok
  9396 | Lair:2   | Killed Erica
  9397 | Lair:2   | Reached skill level 5 in Invocations
  9424 | Lair:2   | Noticed a skyshark
  9430 | Lair:2   | Killed a skyshark
  9858 | Lair:2   | Reached **** piety under Hepliaklqana
  9886 | Lair:2   | Noticed Urug
  9892 | Lair:2   | Killed Urug
  9981 | Lair:2   | Reached XP level 12. HP: 50/92 MP: 14/16
 10159 | Lair:2   | Noticed a catoblepas
 10181 | Lair:2   | Found a runed translucent door.
 10790 | Lair:3   | Found a staircase to the Swamp.
 11051 | Lair:3   | Found a hole to the Spider Nest.
 11288 | Lair:4   | Noticed a catoblepas
 11296 | Lair:4   | Killed a catoblepas
 11303 | Lair:4   | Reached skill level 5 in Armour
 11714 | Lair:4   | Found a viscous altar of Jiyva.
 11720 | Lair:4   | Found a staircase to the Slime Pits.
 11824 | Lair:4   | Reached ***** piety under Hepliaklqana
 11835 | Lair:4   | Noticed an ice dragon
 11858 | Lair:4   | Found a runed translucent gate.
 11858 | Lair:4   | Found a runed translucent gate.
 11858 | Lair:4   | Found a runed translucent gate.
 11867 | Lair:4   | Noticed vbillard's ghost (journeyman DECj)
 12262 | Lair:5   | Entered Level 5 of the Lair of Beasts
 12289 | Lair:4   | Reached skill level 10 in Invocations
 12308 | Lair:4   | Reached XP level 13. HP: 82/100 MP: 19/19
 12711 | Lair:5   | Reached skill level 15 in Fighting
 13015 | Lair:5   | Found a transporter.
 13019 | Lair:5   | Noticed raph's ghost (journeyman DEFE)
 13134 | Lair:5   | Found a transporter.
 13799 | D:11     | Reached skill level 1 in Throwing
 14048 | D:11     | Found a staircase to the Orcish Mines.
 14766 | Orc:1    | Entered Level 1 of the Orcish Mines
 15012 | Orc:1    | Found a transporter.
 15025 | Orc:1    | Noticed Ashen's ghost (journeyman OgIE)
 15043 | Orc:1    | Found a transporter.
 15174 | Orc:1    | Found a one-way gate to the infinite horrors of the Abyss.
 15177 | Orc:1    | Found a corrupted altar of Lugonu.
 15549 | Orc:2    | Entered Level 2 of the Orcish Mines
 15617 | Orc:2    | Reached skill level 10 in Shields
 15621 | Orc:2    | Reached XP level 14. HP: 89/108 MP: 14/22
 15765 | Orc:1    | Reached skill level 10 in Armour
 16126 | Orc:2    | Noticed an orc warlord
 16297 | Orc:2    | Killed an orc warlord
 16523 | Orc:2    | Found Afemojit's Armour Emporium.
 16559 | Orc:2    | Found Wuwkog's CLEARANCE SALE!.
 16569 | Orc:2    | Bought a scroll of teleportation for 18 gold pieces
 16614 | Orc:2    | Found a staircase to the Elven Halls.
 16703 | Orc:2    | Found Dubric's Book Shop.
 16978 | Orc:2    | Found Geucw's Magic Scroll Shop.
 17056 | Orc:2    | Found Ytai's Antique Weapon Boutique.
 17056 | Orc:2    | Found Quboliuc's Jewellery Boutique.
 17057 | Orc:2    | Found Vemaus's Weapon Emporium.
 17057 | Orc:2    | Found Xuxyasa's Jewellery Emporium.
 17098 | Orc:2    | Bought the ring of the Bashing Fool {rF+ rC+ Int+4 SInv}
                  | for 621 gold pieces
 17100 | Orc:2    | Bought an amulet of the acrobat for 360 gold pieces
 17380 | D:12     | Noticed Nergalle
 17388 | D:12     | Killed Nergalle
 17566 | D:12     | Found the +4 robe of Augmentation {Str+4 Int+4 Dex+4}
 18184 | D:13     | Found a radiant altar of Vehumet.
 18267 | D:13     | Reached ****** piety under Hepliaklqana
 18388 | D:13     | Found a gate to the Vaults.
 18617 | D:13     | Found a portal to a secret trove of treasure.
 18936 | D:14     | Reached skill level 5 in Throwing
 19168 | D:14     | Identified the +6 ring mail of Relativism {rElec Str+8
                  | Int+3 Stlth-}
 19452 | D:15     | Entered Level 15 of the Dungeon
 19699 | D:15     | Reached XP level 15. HP: 114/116 MP: 23/23
 19832 | D:15     | Found a staircase to the Depths.
 20046 | D:15     | Paralysed by an ogre mage for 3 turns
 20802 | Swamp:1  | Entered Level 1 of the Swamp
 21292 | Swamp:1  | Noticed a thorn hunter
 21304 | Swamp:1  | Killed a thorn hunter
 21305 | Swamp:1  | Reached skill level 1 in Dodging
 22035 | Swamp:2  | Reached skill level 15 in Shields
 22096 | Swamp:2  | Reached skill level 1 in Evocations
 22132 | Swamp:2  | You fall into a shaft and drop 1 floor!
 22185 | Swamp:3  | Noticed a thorn hunter
 22202 | Swamp:3  | Killed a thorn hunter
 22376 | Swamp:3  | Reached XP level 16. HP: 88/125 MP: 24/24
 22412 | Swamp:3  | Reached skill level 5 in Dodging
 22754 | Orc:2    | Bought a scroll of enchant weapon for 112 gold pieces
 22754 | Orc:2    | Bought a scroll of fear for 60 gold pieces
 22754 | Orc:2    | Bought a scroll of magic mapping for 112 gold pieces
 22754 | Orc:2    | Bought a scroll of magic mapping for 112 gold pieces
 24012 | Swamp:4  | Entered Level 4 of the Swamp
 24159 | Swamp:4  | Noticed a thorn hunter
 24194 | Swamp:4  | Noticed a thorn hunter
 24200 | Swamp:4  | Noticed Mlioglotl
 24309 | Spider:1 | Entered Level 1 of the Spider Nest
 24545 | Spider:1 | Noticed Josephine
 24555 | Spider:1 | Killed Josephine
 24568 | Spider:1 | HP: 5/121 [tarantella[a broodmother] (10)]
 25199 | Spider:1 | Noticed Aizul
 25209 | Spider:1 | Killed Aizul
 25963 | Spider:2 | Identified the +1 leather armour of the Ditch-Digger
                  | {Str+3}
 26636 | Spider:3 | Reached skill level 5 in Evocations
 26827 | Spider:3 | Reached XP level 17. HP: 132/132 MP: 6/25
 27028 | Spider:3 | Reached skill level 10 in Dodging
 27938 | Spider:4 | Entered Level 4 of the Spider Nest
 27938 | Spider:4 | Noticed Asterion
 27999 | Spider:3 | Killed Asterion
 28529 | Spider:4 | Identified Roxanne's Anthology of Evolution
 28529 | Spider:4 | Noticed Roxanne
 28598 | Spider:4 | Killed Roxanne
 28815 | Spider:4 | Noticed Nikola
 28833 | Spider:4 | Killed Nikola
 29234 | Spider:4 | Got a gossamer rune of Zot
 29665 | Swamp:4  | Killed Mlioglotl
 29730 | Swamp:4  | Got a decaying rune of Zot
 29901 | Swamp:4  | Reached XP level 18. HP: 141/141 MP: 26/26
 29975 | Swamp:4  | Noticed Mara
 30167 | Vaults:1 | Entered Level 1 of the Vaults
 30298 | Vaults:1 | Reached skill level 15 in Armour
 31620 | Vaults:1 | You fall into a shaft and drop 1 floor!
 31645 | Vaults:2 | Found Qatol's Jewellery Shop.
 31746 | Vaults:2 | Paralysed by a great orb of eyes for 4 turns
 31994 | Vaults:2 | Found Efro's Book Emporium.
 32243 | Vaults:2 | Reached skill level 10 in Evocations
 32634 | Vaults:2 | Reached XP level 19. HP: 138/149 MP: 27/27
 33117 | Vaults:2 | Found the +5 glaive of the Guard {elec, spectral, AC+5}
 33243 | Vaults:2 | Found Obyr's Jewellery Shop.
 34424 | Vaults:3 | Found a staircase to the Crypt.
 35064 | Vaults:4 | Paralysed by a sphinx for 3 turns
 35157 | Vaults:4 | Reached XP level 20. HP: 149/157 MP: 28/28
 35753 | Vaults:4 | Identified the +8 morningstar "Hici" {pain, *Corrode rC+
                  | SInv}
 36021 | Vaults:4 | Found the +7 great mace "Firestarter" {flame, immolate,
                  | rFlCloud rF++}
 36035 | Vaults:4 | Paralysed by a sphinx for 4 turns
 36466 | Depths:1 | Entered Level 1 of the Depths
 37202 | Depths:1 | Found a gateway to Hell.
 37612 | Depths:1 | Identified the +8 chain mail "Otupuo" {rC+}
 38328 | Depths:2 | Paralysed by a sphinx for 3 turns
 38478 | Depths:2 | You fall into a shaft and drop 2 floors!
 38478 | Depths:4 | Entered Level 4 of the Depths
 38498 | Depths:4 | Found a flickering gateway to a bazaar.
 38515 | Bazaar   | Entered a bazaar
 38517 | Bazaar   | Found Huhaoxte's Magic Scroll Boutique.
 38521 | Bazaar   | Found Zumm's Armour Boutique.
 38521 | Bazaar   | Found Hofosmuq's Antique Weapon Boutique.
 38521 | Bazaar   | Found Simepp's Distillery.
 38549 | Bazaar   | Bought the +9 scales of the Dragon King {rPois rF+ rC+
                  | Will+} for 2246 gold pieces
 38549 | Bazaar   | Found the +9 scales of the Dragon King {rPois rF+ rC+
                  | Will+}
 38564 | Bazaar   | Bought a potion of curing for 21 gold pieces
 38564 | Bazaar   | Bought a potion of mutation for 56 gold pieces
 38564 | Bazaar   | Bought 2 potions of heal wounds for 70 gold pieces
 38564 | Bazaar   | Bought 2 potions of curing for 42 gold pieces
 38564 | Bazaar   | Bought a potion of cancellation for 56 gold pieces
 38564 | Bazaar   | Bought a potion of haste for 70 gold pieces
 38570 | Bazaar   | Bought a scroll of enchant weapon for 75 gold pieces
 38570 | Bazaar   | Bought a scroll of teleportation for 30 gold pieces
 38737 | Depths:4 | Identified the +11 halberd "Zireh" {venom, rF++ Str-2}
 38936 | Depths:4 | Reached XP level 21. HP: 146/160 MP: 30/30
 38941 | Depths:4 | Found a one-way gateway to a ziggurat.
 39016 | Depths:4 | Found a sacrificial altar of Ru.
 39744 | Depths:3 | Reached skill level 15 in Invocations
 39992 | Depths:2 | Found a one-way gate leading to the halls of Pandemonium.
 40837 | Depths:3 | Noticed a caustic shrike
 40852 | Depths:3 | Killed a caustic shrike
 41024 | Depths:3 | Noticed a juggernaut
 41027 | Depths:3 | Killed a juggernaut
 41291 | Depths:3 | Noticed a golden dragon
 41298 | Depths:3 | Killed a golden dragon
 41679 | Depths:3 | Reached skill level 15 in Dodging
 42026 | Elf:1    | Entered Level 1 of the Elven Halls
 42327 | Elf:1    | Found the +0 pair of fencer's gloves {Riposte Dex+3}
 42328 | Elf:1    | Found Imon's Magic Scroll Shoppe.
 42576 | Elf:1    | Found Nuarph's Needful Niceties.
 42918 | Elf:2    | Reached XP level 22. HP: 126/177 MP: 32/32
 43006 | Elf:2    | Found a runed translucent gate.
 43007 | Elf:2    | Found a runed translucent gate.
 43007 | Elf:2    | Found a runed translucent gate.
 43430 | Elf:2    | Identified the +1 leather armour of the Land of Plenty
                  | {Rampage Str+2 Int-2 Dex+2}
 43839 | Crypt:1  | Entered Level 1 of the Crypt
 45645 | Crypt:3  | Entered Level 3 of the Crypt
 45814 | Crypt:3  | Found a staircase to the Tomb.
 46753 | Crypt:3  | Found the +6 Majin-Bo {spellvamp, MP+6 Int+6}
 46756 | Crypt:3  | Noticed an ancient lich
 46760 | Crypt:3  | Killed an ancient lich
 46761 | Crypt:3  | Found a basalt altar of Yredelemnul.
 46787 | Crypt:3  | Found an ancient bone altar of Kikubaaqudgha.
 46806 | Crypt:3  | Identified the +4 spear of Fahulic {pain, Fragile Fly rC+++
                  | Int-2}
 46812 | Crypt:3  | Identified the +2 trident "Heydipt" {speed, Str+3}
 46846 | Crypt:3  | Identified the ring "Iceitam" {rElec Will+ Dex+2}
 46852 | Crypt:3  | Identified the ring "Sioruxze" {Will+ Str+2 Dex+6}
 47153 | D:13     | You paid a toll of 6 scrolls of fear to enter a treasure
                  | trove
 47154 | Trove    | Entered a treasure trove
 47176 | Trove    | Identified the ring of the Frog {rPois MP+9}
 47440 | Vaults:5 | Entered Level 5 of the Vaults
 47440 | Vaults:5 | Noticed an ancient lich
 47448 | Vaults:5 | Reached XP level 23. HP: 185/187 MP: 29/33
 47460 | Vaults:5 | Killed an ancient lich
 47471 | Vaults:5 | Identified the +2 leather armour "Ataoso Boirph" {Will-
                  | Dex+3 Stlth+}
 47778 | Vaults:5 | Identified the +3 mace "Byrchyrich" {vamp, rF+ rC++ Str+2}
 47832 | Vaults:5 | Identified the +11 war axe "Nuvoq" {protect, Dex+4}
 47876 | Vaults:5 | Noticed Saint Roka
 47883 | Vaults:5 | Killed Saint Roka
 47978 | Vaults:5 | Got the Elucidation of Unified Spellbinding
 48018 | Vaults:5 | Identified the +3 ring mail of Autumn {Dex+4}
 48028 | Vaults:5 | Identified the +6 dagger "Fuxtirus" {speed, Will- Dex+5}
 48187 | Vaults:5 | Noticed Frederick
 48192 | Vaults:5 | Killed Frederick
 48213 | Vaults:5 | Noticed an ancient lich
 48223 | Vaults:5 | Killed an ancient lich
 48367 | Vaults:5 | Identified the staff of poison "Hess" {rPois rC- Int+2
                  | Dex+4}
 48370 | Vaults:5 | Noticed an ancient lich
 48385 | Vaults:5 | Killed an ancient lich
 48633 | Vaults:5 | Identified the amulet "Seunasch" {RegenMP rElec rPois rF+
                  | rCorr Str-5}
 48672 | Vaults:5 | Identified the ring "Bischaguph" {Ice *Corrode rPois rN+
                  | MP+9}
 48857 | Vaults:5 | Got a silver rune of Zot
 49482 | Elf:3    | Entered Level 3 of the Elven Halls
 49486 | Elf:3    | Reached XP level 24. HP: 197/197 MP: 33/33
 49519 | Elf:3    | Found the +7 captain's cutlass {speed, disarm}
 49774 | Elf:3    | Found Teshroff's Antique Armour Shop.
 50683 | Elf:3    | Identified the +10 plate armour of Valiance {Int+2}
 50684 | Elf:3    | Identified the ring of Purgheuv {rF- rC+ rN+ Will+ Int+6}
 50696 | Elf:3    | Identified the +2 rapier of Ru, Bespelling {vamp, rElec}
 50712 | Elf:3    | Identified the +4 rapier of Superiority {pain, rElec}
 50718 | Elf:3    | Identified the +7 rapier of Wudaex {elec, rF+}
 50722 | Elf:3    | Identified the staff of poison "Ytuh" {rPois rF- rC- rN+++
                  | Will+}
 50725 | Elf:3    | Identified the ring "Ajuwetev" {Will+ Int+7}
 50749 | Elf:3    | Identified the +8 falchion of the Orcish Mines {vamp, rN+}
 50770 | Elf:3    | Identified the staff of cold "Gusu" {rC+ Will+}
 51162 | Elf:1    | Found a shimmering blue altar of Sif Muna.
 51301 | D:10     | Bought the ring of Jila {rElec rF- rC+ Will+++ Int+6} for
                  | 1170 gold pieces
 51551 | Depths:4 | Found a gate to the Realm of Zot.
 51602 | Zot:1    | Entered Level 1 of the Realm of Zot
 52032 | Zot:1    | Reached skill level 27 in Fighting
 52185 | Zot:1    | Reached skill level 27 in Armour
 53382 | Zot:3    | Found the +4 dragonskin cloak
 53382 | Zot:3    | Noticed Tiamat
 53399 | Zot:3    | Killed Tiamat
 53554 | Zot:3    | Reached XP level 25. HP: 164/205 MP: 33/33
 53841 | Zot:3    | Noticed Grunn
 53848 | Zot:3    | Killed Grunn
 55300 | Zot:5    | Entered Level 5 of the Realm of Zot
 55879 | Zot:5    | Noticed an orb of fire
 55885 | Zot:5    | Killed an orb of fire
 55971 | Zot:5    | Noticed an orb of fire
 55975 | Zot:5    | Noticed a Killer Klown
 55978 | Zot:5    | Killed an orb of fire
 55988 | Zot:5    | Killed a Killer Klown
 56086 | Zot:5    | Noticed an ancient lich
 56091 | Zot:5    | Killed an ancient lich
 56206 | Zot:5    | Noticed an ancient lich
 56223 | Zot:5    | Killed an ancient lich
 56224 | Zot:5    | Reached skill level 15 in Evocations
 56286 | Zot:5    | Noticed an ancient lich
 56294 | Zot:5    | Noticed a dread lich
 56296 | Zot:5    | Killed an ancient lich
 56304 | Zot:5    | Killed a dread lich
 56490 | Zot:5    | Reached XP level 26. HP: 212/212 MP: 34/34
 56619 | Zot:5    | Noticed an orb of fire
 56623 | Zot:5    | Noticed an orb of fire
 56626 | Zot:5    | Noticed an ancient lich
 56630 | Zot:5    | Noticed an orb of fire
 56632 | Zot:5    | Killed an orb of fire
 56635 | Zot:5    | Killed an orb of fire
 56639 | Zot:5    | Killed an orb of fire
 56641 | Zot:5    | Killed an ancient lich
 56677 | Zot:5    | Noticed an ancient lich
 56686 | Zot:5    | Killed an ancient lich
 56992 | Depths:3 | Voluntarily entered the Abyss.
 57005 | Abyss:2  | Found a corrupted altar of Lugonu.
 57060 | Abyss:3  | Found a corrupted altar of Lugonu.
 57310 | Depths:3 | Escaped the Abyss
 57332 | Depths:3 | Voluntarily entered the Abyss.
 57340 | Abyss:3  | Noticed a dread lich
 57351 | Abyss:3  | Killed a dread lich
 57544 | Abyss:3  | Got an abyssal rune of Zot
 57598 | Depths:3 | Escaped the Abyss
 57967 | Zot:5    | Got the Orb of Zot
 58473 | D:1      | Noticed Betag the pandemonium lord
 58482 | D:1      | Killed Betag the pandemonium lord
 58514 | D:$      | Escaped with the Orb!

Illustrated notes

Levels and vault maps discovered:
D:1:      tarquinn_simple_flora_water_d, layout_basic, serial_shops,
          nicolae_shop_back_alley_shop, chequers_serial_rivers_small_3,
          minmay_box_of_dots
D:2:      minmay_inner_zag, layout_basic, chequers_serial_rivers_marsh,
          kennysheep_minor_cross, uniq_jessica
D:3:      layout_basic
D:4:      layout_rooms, uniq_grinder, uniq_eustachio
D:5:      layout_basic, nicolae_tso_besieged_by_evil, gup_sewer_entry_glass,
          serial_park_tiny_1, reono_crystal_passage, grunt_decor_one_mirror,
          serial_bayou_crossing
D:6:      layout_gridville, uniq_blork_the_orc, uniq_menkaure
D:7:      layout_basic, lemuel_zombie_altar_kikubaaqudgha,
          dancing_weapons_uskayaw, temple_fountains, minivault_1
D:8:      layout_basic, grunt_temple_overflow_open, serial_demonic,
          serial_demonic_f, serial_demonic_b, serial_demonic_d,
          serial_demonic_c, serial_demonic_a, serial_demonic_a,
          serial_demonic_f, eino_tiny_chamber, hangedman_abyss_or_decor_stabs,
          minmay_mini_ossuary
D:9:      layout_gridville, lemuel_mausoleum_altar_yredelemnul, uniq_harold,
          uniq_maurice, uniq_maggie
D:10:     layout_basic, lair_entry_dummy, serial_shops,
          nicolae_shop_gaudy_bauble
D:11:     layout_stronghold, orc_0_dummy
D:12:     layout_rooms, billiards_dpeg, uniq_nergalle
D:13:     layout_irregular_city, david_vaults_2, serial_rivers,
          chequers_serial_rivers_room_a, chequers_serial_rivers_micro_b,
          chequers_serial_rivers_micro_c, chequers_serial_rivers_small_3,
          chequers_serial_rivers_small_b, chequers_serial_rivers_room_b,
          nicolae_trove_entry_crossroad, nicolae_vehumet_radiance
D:14:     layout_roguey, minivault_11
D:15:     grunt_enter_depths_giant_problem, layout_basic, serial_curves,
          eino_curves_02, eino_curves_02, eino_curves_04, eino_curves_03
Temple:   nicolae_temple_god_jail
Lair:1:   wander_river, layout_gridlike, chequers_serial_rivers_large_b,
          st_stairs_8, kennysheep_abandoned_house, lemuel_fruit_tree
Lair:2:   gammafunk_lair_enchanted_lake, layout_regular_city, roderic_batcave,
          infiniplex_staircase_pool, uniq_erica, uniq_urug, uniq_gastronok
Lair:3:   layout_gridlike, skrybe_swamp_entry_bodies, spider_nest_entry_rubble
Lair:4:   layout_small_grid, nicolae_slime_entry_slimehenge,
          gammafunk_ghost_icy, minmay_hedge_maze, hangedman_lair_unloving_vines
Lair:5:   minmay_lair_end_enchanted_forest, layout_gridlike,
          gammafunk_ghost_arena, pdpol_lair_cavern_descent, grunt_megastairs_4,
          serial_bayou_shore_b
Swamp:1:  layout_basic_swamp, serial_swamp_ruin, evilmike_swamp_ruin_house_1,
          evilmike_swamp_ruin_house_2, evilmike_swamp_ruin_rubble_2,
          swamp_pool1, nicolae_swamp_dragon_and_kin
Swamp:2:  layout_basic_swamp, evilmike_swamp_ruin_house_3,
          hangedman_swamp_phenomena
Swamp:3:  layout_basic_swamp, evilmike_swamp_ruin_house_5,
          nicolae_swamp_wisp_ring_woods
Swamp:4:  swamp_alternative, layout_basic_swamp, nicolae_swamp_no_escape,
          uniq_mara, uniq_mlioglotl
Spider:1: layout_cave_pods, uniq_aizul, uniq_josephine
Spider:2: layout_cave_pods
Spider:3: layout_chambers
Spider:4: hellmonk_spider_rune_bug_friends, nicolae_spider_paper_wasps,
          uniq_nikola, uniq_roxanne, uniq_asterion
Orc:1:    layout_caves, gammafunk_ghost_stat_death,
          amcnicky_altar_lugonu_corruption
Orc:2:    st_orc_elflike, layout_diamond_mine, portal_ice_cave_demonic_guard,
          basic_altar, serial_shops, nicolae_shop_tiny_glass,
          nicolae_shop_trees, nicolae_shop_rolled_up, nicolae_shop_clearance
Elf:1:    nicolae_elf_arrival_fired_up, layout_gridlike, serial_shops, shop,
          minmay_elf_demonology, drop_trap, nicolae_alphabet_shops,
          corexii_hall_statues_u, lemuel_statue_altar, lemuel_upstairs_altar
Elf:2:    nicolae_elf_blades_crystal_corner, layout_geoelf_octagon, minivault_5
Elf:3:    minmay_elf_hall_four_x, layout_geoelf_castle, serial_shops, shop
Vaults:1: hangedman_vaults_pinch, st_spiral_rooms, v_misc_16,
          nicolae_vaults_double_plus_2, nicolae_vaults_sesquioval_fish,
          ontoclasm_vaults_ligature, v_misc_2, vaults_room_corners,
          nicolae_vaults_offset_grid_hallway_3, vaults_room_fours,
          nicolae_vaults_lightning_bolt, nicolae_vaults_variable_pillar_hall,
          hangedman_vaults_stagger, nicolae_vaults_tetromino_L_1,
          layout_vaults_maze_bifur
Vaults:2: v_rooms_1, nicolae_vaults_prndl, ontoclasm_vaults_ring_large,
          nicolae_vaults_tetromino_Z_2, hangedman_vaults_unwind,
          minmay_guarded_unrand_guard_vaults, nicolae_vaults_tetromino_Z_2,
          hangedman_vaults_corner_blocks, vaults_mumra_hex,
          layout_vaults_omnigrid, serial_shops, shop, nicolae_shop_hallway_plus,
          nicolae_square_shop, uniq_margery
Vaults:3: vaults_room_boxed, blue_anna_dwarven_crypt, nicolae_vaults_cochlea,
          vaults_room_hallway, v_misc_9, nicolae_vaults_tetromino_L_2,
          nicolae_vaults_display_case, ontoclasm_vaults_twist,
          layout_vaults_big_room
Vaults:4: nicolae_vaults_stepped_doors, v_pattern_5,
          ontoclasm_vaults_ring_small, vaults_room_fours,
          vaults_room_hangedman_quadrants, nicolae_vaults_triangles, v_misc_1,
          nicolae_vaults_house_1, v_misc_29, nicolae_vaults_double_plus_1,
          v_misc_19, ontoclasm_vaults_loading_screen,
          nicolae_vaults_variable_pillar_hall, nicolae_vaults_cochlea,
          layout_vaults_ring
Vaults:5: serial_shops, uniq_saint_roka, uniq_frederick
Crypt:1:  layout_regular_city, grunt_ministairs_9
Crypt:2:  layout_catacombs
Crypt:3:  lightli_unholy_cathedral, layout_chaotic_city,
          tomb_entry_simple_bobbens
Depths:1: layout_gridlike, hangedman_decor_opposing, grunt_hell_horde,
          dk_noncrumbling_4, drop_trap, lemuel_freeze_loot_1
Depths:2: minmay_open_boxes_in_corner, layout_gridlike,
          grunt_hell_entry_dis_grunt, grunt_pan_entry_in_and_out,
          grunt_megastairs_2, infiniplex_staircase_pillars_1
Depths:3: cell_vault, layout_cave_pools, abyss_entry, minmay_misc_feat_encased,
          hellmouth_1, infiniplex_staircase_spiral
Depths:4: grunt_x_marks_the_spot, layout_basic, enter_ziggurat_b, serial_shops,
          bzr_entry_gold, pf_hell_entry_great_geh, bh_walls_and_bars,
          nicolae_ru_the_path_less_chosen
Zot:1:    layout_cellular_growth
Zot:2:    layout_concentric_octagons
Zot:3:    lemuel_acid_trip, layout_onion, uniq_tiamat, uniq_grunn
Zot:4:    lemuel_draconian_sentries, layout_cellular_growth
Zot:5:    layout_basic

Skill      XL: |  1  2  3  4  5  6  7  8  9 10 11 12 13 14 15 16 17 18 19 20 21 22 23 24 25 26 |
---------------+-------------------------------------------------------------------------------+-----
Axes           | 3 4 6 7 9 11 14 16 17 18 | 18.0
Fighting       | 4 5 6 7 8 10 12 13 14 15 16 17 18 19 20 21 22 23 25 26 27 | 27.0
Shields        | 4 8 9 10 12 15 16 20 | 20.0
Invocations    | 2 6 10 12 14 15 17 20 | 20.6
Armour         | 7 9 10 12 14 17 19 20 21 23 25 27 | 27.0
Throwing       | 2 5 6 |  6.0
Dodging        | 4 9 12 13 15 17 18 | 18.0
Evocations     | 1 5 7 10 12 13 15 | 15.0

Action                     |  1- 3 |  4- 6 |  7- 9 | 10-12 | 13-15 | 16-18 | 19-21 | 22-24 | 25-27 || total
---------------------------+-------+-------+-------+-------+-------+-------+-------+-------+-------++-------
  Melee: War axe           |    68 |    97 |   287 |   377 |   760 |   128 |       |       |       ||  1717
         Headbutt          |     8 |    13 |    36 |    78 |   188 |   266 |   311 |   392 |   188 ||  1480
         Broad axe         |       |       |       |       |    24 |   828 |   967 |   913 |   391 ||  3123
  Throw: Dart              |       |       |       |       |     2 |     1 |       |     4 |       ||     7
 Invoke: Ancestor Identity |       |       |     1 |       |       |       |       |       |       ||     1
         Ancestor Life: Ba |       |       |       |     1 |       |       |       |       |       ||     1
         Idealise          |       |       |       |     1 |    10 |     9 |    10 |    22 |    11 ||    63
         Recall Ancestor   |       |       |       |     4 |    22 |    11 |     5 |     8 |    28 ||    78
         Transference      |       |       |       |       |     1 |     2 |       |       |     1 ||     4
  Evoke: Wand              |       |       |       |       |    14 |     2 |       |     3 |     7 ||    26
         Tin of tremorston |       |       |       |       |       |       |     4 |     4 |       ||     8
         Phantom mirror    |       |       |       |       |       |       |       |     3 |       ||     3
         Phial of floods   |       |       |       |       |       |       |       |     1 |       ||     1
    Use: Potion            |       |       |    10 |     2 |     1 |    10 |     2 |     4 |     9 ||    38
         Scroll            |       |       |    15 |     2 |     7 |    16 |     6 |    12 |     2 ||    60
   Stab: Distracted        |       |       |       |     3 |    15 |    22 |    30 |    24 |    11 ||   105
         Invisible         |       |       |       |       |       |     7 |       |       |       ||     7
         Petrified         |       |       |       |       |       |     2 |       |       |       ||     2
         Sleeping          |       |       |       |       |       |     1 |     2 |       |       ||     3
         Confused          |       |       |       |       |       |       |       |       |     1 ||     1
         Petrifying        |       |       |       |       |       |       |       |       |     2 ||     2
 Armour: Scale mail        |    40 |    21 |       |       |       |       |       |       |       ||    61
         Chain mail        |       |     7 |    59 |    78 |   184 |       |       |       |       ||   328
         Plate armour      |       |       |    79 |    93 |       |       |       |       |       ||   172
         Ring mail         |       |       |       |       |    92 |   371 |   185 |       |       ||   648
         Gold dragon scale |       |       |       |       |       |       |   219 |   356 |   143 ||   718
  Dodge: Dodged            |    28 |    40 |    89 |   104 |   258 |   596 |   428 |   394 |   160 ||  2097
  Block: Buckler           |    15 |    25 |    51 |    75 |    33 |       |       |       |       ||   199
         Kite shield       |       |       |       |       |   260 |   596 |   450 |   477 |   219 ||  2002
Riposte: Broad axe         |       |       |       |       |       |       |     8 |   202 |    87 ||   297
